 Dungeon Crawl Stone Soup version 0.23.1 (webtiles) character file.

Game seed: 13996014651804323900

48465 Acheron the Covert (level 14, -5/73 HPs)
             Began as a Vine Stalker Artificer on Mar 17, 2019.
             Was the Champion of Okawaru.
             Slain by a molten gargoyle
             ... wielding a +0 flail
              (12 damage)
             ... in a volcano.
             The game lasted 02:24:58 (15418 turns).

Acheron the Covert (Vine Stalker Artificer)        Turns: 15418, Time: 02:24:58

Health: -5/73      AC: 16    Str: 12    XL:     14   Next: 46%
Magic:  0/23       EV: 25    Int: 12    God:    Okawaru [******]
Gold:   1219       SH: 19    Dex: 29    Spells: 17/23 levels left

rFire    . . .     SeeInvis .   w - +8 war axe (chop)
rCold    . . .     Gourm    .   Z - +2 shield
rNeg     + + .     Faith    .   y - +2 robe {rC+}
rPois    .         Spirit   +   R - +2 helmet of Repulsion {rN++ Regen+ Str-4 Slay+3}
rElec    .         Reflect  +   D - +2 cloak {MR+}
rCorr    +         Harm     .   o - +2 pair of gloves of Cedoth {rC- MR+ Dex+6}
MR       +++..                  J - +0 pair of boots {run}
Stlth    +++++++...             B - +4 amulet of reflection
HPRegen  1.42/turn              g - +5 ring of dexterity
MPRegen  0.18/turn              n - ring of resist corrosion

@: heroism, quick
A: fangs 3, regeneration 2, magic shield, antimagic bite, no potion heal 3, rot
immunity
a: Heroism, Finesse, Renounce Religion


You were in a volcano.
You worshipped Okawaru.
Okawaru was exalted by your worship.
You were not hungry.

You visited 4 branches of the dungeon, and saw 21 of its levels.
You also visited: Volcano.

You collected 1230 gold pieces.
You spent 11 gold pieces at shops.

Inventory:

Hand Weapons
 s - the +10 hunting sling of Purpose {venom, +Fly rC+ Dex-2}
   (Okawaru gifted it to you on level 14 of the Dungeon)

   It poisons the ammo it fires.
   It affects your dexterity (-2).
   It protects you from cold.
   It lets you fly.
 w - a +8 war axe of chopping (weapon)
 W - the +3 long sword "Sinwocau" {freeze, Str+5 Dex+2}
   (You found it on level 4 of the Lair of Beasts)

   It has been specially enchanted to freeze those struck by it, causing extra
   injury to most foes and up to half again as much damage against particularly
   susceptible opponents.
   It can also slow down cold-blooded creatures.
   It affects your strength (+5).
   It affects your dexterity (+2).
Missiles
 i - 246 stones (quivered)
 m - 249 sling bullets
Armour
 o - the +2 pair of gloves of Cedoth (worn) {rC- MR+ Dex+6}
   (Okawaru gifted it to you on level 11 of the Dungeon)

   It affects your dexterity (+6).
   It makes you vulnerable to cold.
   It affects your resistance to hostile enchantments.
 y - a +2 robe of cold resistance (worn)
 D - a +2 cloak of magic resistance (worn)
 J - a +0 pair of boots of running (worn)
 R - the +2 helmet of Repulsion (worn) {rN++ Regen+ Str-4 Slay+3}
   (You found it on level 9 of the Dungeon)

   It affects your strength (-4).
   It affects your accuracy and damage with ranged weapons and melee attacks
   (+3).
   It greatly protects you from negative energy.
   It increases your rate of regeneration.
 Z - a +2 shield (worn)
Jewellery
 g - a +5 ring of dexterity (left hand)
 n - a ring of resist corrosion (right hand)
 r - an uncursed ring of protection from magic
 u - an uncursed amulet of rage
 B - a +4 amulet of reflection (around neck)
 F - an uncursed ring of fire
 S - an uncursed amulet of the acrobat
Wands
 c - a wand of flame (33)
 d - a wand of enslavement (28)
 p - a wand of clouds (3)
 G - a wand of acid (7)
 H - a wand of scattershot (5)
 T - a wand of digging (5)
 Y - a wand of paralysis (9)
Scrolls
 e - 2 scrolls of fear
 j - 4 scrolls of blinking
 l - 4 scrolls of fog
 x - 5 scrolls of teleportation
 z - 8 scrolls of remove curse
 C - a scroll of identify
 O - 2 scrolls of magic mapping
Potions
 h - 2 potions of resistance
 v - a potion of mutation
 I - 4 potions of curing
 L - a potion of ambrosia {unknown}
 M - 2 potions of brilliance
 Q - 4 potions of lignification
 X - a potion of haste {unknown}
Miscellaneous
 V - a box of beasts
Comestibles
 K - 23 rations


   Skills:
 * Level 8.0(13.0) Fighting
   Level 2.3(7.3) Short Blades
 + Level 0.7(6.6) Long Blades
 + Level 10.5(15.5) Axes
   Level 0.3(11.6) Maces & Flails
 * Level 4.5(9.5) Slings
 + Level 5.3(10.3) Armour
 * Level 7.1(12.1) Dodging
 * Level 11.3(16.3) Stealth
 * Level 6.2(11.2) Shields
 * Level 5.3 Spellcasting
 * Level 2.1 Hexes
 * Level 7.4 Invocations
 * Level 8.0 Evocations


You had 17 spell levels left.
You knew the following spells:

 Your Spells              Type           Power        Failure   Level  Hunger
a - Confusing Touch       Hex            #.....       13%         1    None
b - Slow                  Hex            #.......     19%         2    ##.....
c - Conjure Flame         Conj/Fire      #.......     67%         3    ###....

Your spell library contained the following spells:

 Spells                   Type           Power        Failure   Level  Hunger
 Corona                   Hex            #......      13%         1    None
 Confuse                  Hex            #.......     36%         3    ###....
 Poisonous Vapours        Pois/Air       #.....       43%         2    ##.....
 Inner Flame              Hex/Fire       #.......     52%         3    ###....
 Portal Projectile        Hex/Tloc       #.....       52%         3    ###....
 Gell's Gravitas          Tloc           #.........   67%         3    ###....
 Mephitic Cloud           Conj/Pois/Air  #.......     67%         3    ###....
 Cause Fear               Hex            #.........   77%         4    ####...
 Leda's Liquefaction      Hex/Erth       #.........   89%         4    ####...
 Petrify                  Tmut/Erth      #.......     97%         4    ####...
 Metabolic Englaciation   Hex/Ice        #.........   99%         5    ######.
 Yara's Violent Unravell  Hex/Tmut       #.........   99%         5    ######.
 Freezing Cloud           Conj/Ice/Air   #.........   100%        6    #######
 Ring of Flames           Chrm/Fire      #.........   100%        7    #######


Dungeon Overview and Level Annotations

Branches:
Dungeon (15/15)            Temple (1/1) D:6            Lair (4/6) D:10
  Snake (0/4) Lair:4          Orc (1/2) D:10         Vaults (0/5) D:13
  Swamp: Lair:2-4    Shoals: Lair:2-4    Depths: D:15

Altars:
Ashenzari
Cheibriados
Dithmenos
Elyvilon
Fedhas
Gozag
Hepliaklqana
Kikubaaqudgha
Makhleb
Nemelex Xobeh
Okawaru
Qazlal
Ru
Sif Muna
Trog
Uskayaw
Vehumet
Wu Jian
Xom
Yredelemnul
Zin
The Shining One
Beogh

Shops:
D:4 (   D:8 [   D:12 !   D:13 [

Annotations:
D:4 Sigmund
D:9 exclusion: downstairs
D:12 2 transporters, exclusion: downstairs, kr4n3's ghost, journeyman DsFi


Innate Abilities, Weirdness & Mutations

You have razor-sharp teeth.
You heal very quickly.
When hurt, damage is shared between your health and your magic reserves.
Your bite disrupts and absorbs the magic of your enemies.
Potions cannot restore your health.
You are immune to rotting.


Message History

You completely miss the molten gargoyle.
You closely miss the hell hound.
The molten gargoyle blasts magma at you!
The bolt of magma hits you!!
* * * LOW HITPOINT WARNING * * *
You block the hell hog's attack.
The hell hound bites you but does no damage.
You closely miss the molten gargoyle. Your bite misses the molten gargoyle.
The molten gargoyle is moderately damaged.
You slash the hell hog!
You kill the hell hog!
Okawaru accepts your kill.
You hit the hell hound but do no damage.
You block the molten gargoyle's attack. The hell hound misses you.
You hit the molten gargoyle but do no damage.
The molten gargoyle is moderately damaged.
You hit the hell hound but do no damage.
The hell hound misses you.
The molten gargoyle hits you with a +0 flail!
You die...

##...## § # #..8..#
.§≈≈§≈§§§§ #.##.....#
.§§≈≈≈≈§≈≈ #?)8.....#
.§≈≈≈≈§≈≈ #$!#..⌠..#
...≈§≈≈§ #$[##...##
#...≈§§≈ #+#####'##
###..≈§§≈≈
##..h.#...###8....≈≈≈≈
#.._.@'.∩.+.......≈§≈§
##..9.#...###8.....≈≈≈
##+####'## ####....≈.
#$)##...## ##.#...
#$!#..⌠..# ####.#
#[[8.....# ###
#t##.....# # #..8..#
##...##


You could see a molten gargoyle and a hell hound.

Vanquished Creatures
  Rupert (D:13)
  An ironheart preserver (D:13)
  Azrael (D:14)
  Snorg (D:14)
  Josephine (Lair:4)
  Erolcha (D:9)
  3 centaur warriors
  4 hydras
  A two-headed ogre (D:13)
  3 tengu warriors (D:13)
  A hell hog (Volcano)
  3 skeletal warriors (D:15)
  An unseen horror (D:11)
  Pikel (D:7)
  6 cyclopes
  2 ugly things
  A centaur zombie (D:13)
  A manticore (D:14)
  2 spiny frogs (Lair:3)
  A gargoyle (D:10)
  3 komodo dragons
  An efreet (D:14)
  5 trolls
  A tengu conjurer (D:13)
  8 slime creatures
  Prince Ribbit (D:5)
  A hornet (D:8)
  A polar bear (Lair:3)
  3 blink frogs (Lair:4)
  4 hippogriffs
  A centaur simulacrum (D:13)
  A water elemental (D:13)
  A yak (shapeshifter) (D:14)
  A human (D:7)
  6 wraiths
  3 wyverns
  3 fire elementals (D:14)
  15 fire bats
  20 yaks
  4 hogs (D:7)
  3 hungry ghosts
  Grum (D:10)
  A basilisk (Lair:1)
  2 vampire mosquitoes
  11 water moccasins
  An acid dragon (D:15)
  2 porcupines (Lair:4)
  4 hell hounds
  2 phantoms
  5 sky beasts
  9 ice beasts
  An eye of draining (D:8)
  6 orc warriors
  4 ogres
  2 necrophages
  3 boggarts (D:14)
  5 wolves
  8 centaurs (D:13)
  5 crocodiles
  4 big kobolds
  A gnoll sergeant (D:6)
  12 bullfrogs
  3 scorpions
  2 wyvern skeletons (D:14)
  A water moccasin skeleton (D:9)
  12 wights
  7 howler monkeys
  8 crimson imps
  6 lava snakes (Volcano)
  2 bullfrog zombies
  A wyvern simulacrum (D:13)
  6 centaur skeletons
  3 jellies
  2 bullfrog skeletons
  11 hounds
  14 orc priests
  19 orc wizards
  Jessica (D:3)
  4 iguanas
  6 worker ants
  A killer bee zombie (D:5)
  A bullfrog simulacrum (D:13)
  A hound skeleton (D:9)
  3 worker ant zombies
  7 gnolls
  13 adders
  A river rat (D:13)
  5 shadow imps
  2 white imps (D:13)
  2 ufetubi (D:13)
  An ooze (D:4)
  An adder skeleton (D:8)
  2 worms
  6 dart slugs
  2 leopard geckos
  56 orcs
  2 ball pythons
  6 bats
  4 giant cockroaches
  9 goblins
  2 hobgoblins
  6 jackals
  20 kobolds
  3 quokkas
  2 frilled lizards
  A jackal skeleton (D:7)
  2 leopard gecko skeletons
  2 quokka skeletons
  9 rats
491 creatures vanquished.

Vanquished Creatures (others)
  A cyclops (D:14)
  A slave (D:7)
  A wyvern (D:10)
  A vampire mosquito (D:14)
  A swamp drake (D:10)
  An ogre (D:7)
  2 centaurs
  3 orc wizards (D:7)
  2 orcs (D:7)
  2 fungi (Lair:4)
  2 plants (D:13)
17 creatures vanquished.

Grand Total: 508 creatures vanquished

Notes
Turn   | Place    | Note
-------+----------+-------------------------------------------
     0 | D:1      | Acheron the Vine Stalker Artificer began the quest for the
                  | Orb.
     0 | D:1      | Reached XP level 1. HP: 9/9 MP: 3/3
    12 | D:1      | Reached skill level 1 in Short Blades
   232 | D:1      | Reached XP level 2. HP: 6/14 MP: 0/5
   489 | D:3      | Noticed Jessica
   701 | D:2      | Reached skill level 2 in Stealth
   947 | D:1      | Reached XP level 3. HP: 16/17 MP: 6/6
  1135 | D:1      | Reached skill level 1 in Fighting
  2000 | D:3      | Gained mutation: Your natural rate of healing is unusually
                  | fast. [Vine Stalker growth]
  2000 | D:3      | Reached XP level 4. HP: 21/22 MP: 7/7
  2033 | D:4      | Reached skill level 1 in Armour
  2040 | D:5      | Entered Level 5 of the Dungeon
  2271 | D:4      | Found Ywnolek's Weapon Shoppe.
  2504 | D:3      | Killed Jessica
  2504 | D:3      | Reached XP level 5. HP: 23/25 MP: 8/8
  2700 | D:4      | Reached skill level 3 in Stealth
  2716 | D:4      | Noticed Sigmund
  2737 | D:4      | Noticed an ogre
  3324 | D:4      | Reached XP level 6. HP: 30/30 MP: 9/9
  3336 | D:4      | Reached skill level 1 in Axes
  3833 | D:5      | You fall through a shaft!
  3862 | D:6      | Reached skill level 4 in Stealth
  3973 | D:6      | Reached XP level 7. HP: 26/35 MP: 7/10
  4118 | D:5      | Found a sacrificial altar of Ru.
  4180 | D:5      | Noticed Prince Ribbit
  4289 | D:6      | Found a staircase to the Ecumenical Temple.
  4303 | Temple   | Entered the Ecumenical Temple
  4406 | Temple   | Became a worshipper of Warmaster Okawaru
  4713 | D:7      | Noticed Pikel
  4728 | D:7      | Killed Pikel
  4728 | D:7      | Reached * piety under Okawaru
  4728 | D:7      | Reached skill level 5 in Stealth
  4728 | D:7      | Gained mutation: You have razor-sharp teeth. [Vine Stalker
                  | growth]
  4728 | D:7      | Reached XP level 8. HP: 32/40 MP: 6/12
  5002 | D:5      | Killed Prince Ribbit
  5002 | D:5      | Reached skill level 6 in Stealth
  5189 | D:5      | Reached ** piety under Okawaru
  5189 | D:5      | Reached XP level 9. HP: 45/45 MP: 13/13
  5593 | D:8      | Found a blossoming altar of Fedhas.
  5635 | D:8      | Reached skill level 1 in Invocations
  5982 | D:9      | Found a snail-covered altar of Cheibriados.
  6070 | D:9      | Noticed Erolcha
  6084 | D:9      | Killed Erolcha
  6084 | D:9      | Reached skill level 5 in Axes
  6084 | D:9      | Reached skill level 7 in Stealth
  6084 | D:9      | Reached skill level 5 in Evocations
  6105 | D:8      | Reached *** piety under Okawaru
  6105 | D:8      | Reached XP level 10. HP: 25/51 MP: 12/14
  6207 | D:8      | Found a snail-covered altar of Cheibriados.
  6216 | D:8      | Found Cheibriados's Comfort Zone.
  6510 | D:8      | Paralysed by a hornet for 3 turns
  6515 | D:8      | HP: 2/51 [hornet (9)]
  6701 | D:9      | Got a bloodstained helmet
  6737 | D:10     | Entered Level 10 of the Dungeon
  6762 | D:10     | Noticed a gargoyle
  7152 | D:10     | Reached skill level 5 in Fighting
  7236 | D:12     | Noticed a cyclops
  7240 | D:12     | Killed a cyclops
  7297 | D:12     | Noticed a harpy
  7312 | D:12     | Noticed a moth of wrath
  7319 | D:12     | Identified the +2 helmet of Repulsion {rN++ Regen+ Str-4
                  | Slay+3} (You found it on level 9 of the Dungeon)
  7347 | D:12     | Found a glowing golden altar of the Shining One.
  7377 | D:12     | Found a transporter.
  7413 | D:12     | Found a glowing silver altar of Zin.
  7429 | D:12     | Reached **** piety under Okawaru
  7548 | D:12     | Noticed a six-headed hydra
  7597 | D:13     | Found Bereliv's Antique Armour Shop.
  7604 | D:13     | Reached skill level 8 in Stealth
  7874 | D:10     | Noticed Grum
  7878 | D:10     | Reached ***** piety under Okawaru
  7878 | D:10     | Reached XP level 11. HP: 46/56 MP: 14/16
  7993 | D:10     | Killed Grum
  7994 | D:10     | Found a staircase to the Orcish Mines.
  8003 | D:10     | Found a roughly hewn altar of Beogh.
  8006 | Orc:1    | Entered Level 1 of the Orcish Mines
  8007 | Orc:1    | Noticed an orc knight
  8010 | Orc:1    | Noticed an orc sorcerer
  8085 | D:10     | Reached skill level 5 in Armour
  8085 | D:10     | Reached skill level 5 in Dodging
  8713 | D:7      | Found an iron altar of Okawaru.
  8834 | D:7      | Reached skill level 1 in Shields
 10188 | D:11     | Noticed a four-headed hydra
 10220 | D:12     | Noticed an eight-headed hydra
 10231 | D:12     | Found a transporter.
 10237 | D:12     | Noticed a harpy
 10237 | D:12     | Noticed kr4n3's ghost (journeyman DsFi)
 10239 | D:12     | Noticed a moth of wrath
 10365 | D:12     | Found Vuex's Distillery.
 10374 | D:12     | Bought a potion of degeneration for 11 gold pieces
 10445 | D:12     | Noticed a cyclops
 10450 | D:12     | Killed a cyclops
 10450 | D:12     | Reached skill level 1 in Slings
 10500 | D:11     | Killed an unseen horror
 10500 | D:11     | Received a gift from Okawaru
 10501 | D:11     | Got a pair of fine gloves {god gift}
 10515 | D:11     | Identified the +2 pair of gloves of Cedoth {rC- MR+ Dex+6}
                  | (Okawaru gifted it to you on level 11 of the Dungeon)
 10624 | D:11     | Reached skill level 9 in Stealth
 10626 | D:11     | Reached skill level 1 in Spellcasting
 11149 | D:12     | Reached skill level 5 in Invocations
 11248 | D:12     | You fall through a shaft for 3 floors!
 11248 | D:15     | Entered Level 15 of the Dungeon
 11249 | D:15     | Noticed a cyclops
 11273 | D:15     | Killed a cyclops
 11273 | D:15     | Gained mutation: You heal very quickly. [Vine Stalker
                  | growth]
 11273 | D:15     | Reached XP level 12. HP: 61/62 MP: 17/17
 11384 | D:15     | Noticed a stone giant
 11385 | D:15     | Found the +2 cloak of the Thief {+Fog Slay-2 SInv Stlth+}
 11404 | D:14     | Noticed Azrael
 11423 | D:14     | Killed Azrael
 11423 | D:14     | Received a gift from Okawaru
 11511 | D:14     | Noticed Snorg
 11575 | D:14     | Found a basalt altar of Yredelemnul.
 11635 | D:14     | Found a shadowy altar of Dithmenos.
 11643 | D:14     | Reached skill level 10 in Stealth
 11666 | D:14     | Noticed a centaur warrior
 11676 | D:14     | Reached ****** piety under Okawaru
 11680 | D:14     | Killed a centaur warrior
 11680 | D:14     | Received a gift from Okawaru
 11686 | D:14     | Got a smoking hunting sling {god gift}
 11687 | D:14     | Identified the +10 hunting sling of Purpose {venom, +Fly
                  | rC+ Dex-2} (Okawaru gifted it to you on level 14 of the
                  | Dungeon)
 11720 | D:14     | Noticed a two-headed ogre
 11848 | D:14     | Noticed a two-headed ogre
 12032 | D:13     | Noticed a two-headed ogre
 12040 | D:13     | Noticed a centaur warrior
 12041 | D:13     | Noticed a four-headed hydra
 12042 | D:13     | Noticed a centaur warrior
 12042 | D:13     | Noticed an ironheart preserver
 12082 | D:12     | Killed a one-headed hydra
 12082 | D:12     | Reached XP level 13. HP: 39/67 MP: 19/19
 12317 | D:13     | Received a gift from Okawaru
 12412 | D:13     | Killed an ironheart preserver
 12619 | D:13     | Noticed Rupert
 12638 | D:13     | Killed Rupert
 12638 | D:13     | Reached skill level 5 in Shields
 12870 | D:13     | Reached skill level 10 in Axes
 13043 | D:13     | Found a gate to the Vaults.
 13072 | D:13     | Received a gift from Okawaru
 13104 | D:13     | Learned a level 1 spell: Confusing Touch
 13366 | D:14     | Killed Snorg
 13425 | D:14     | Reached skill level 1 in Hexes
 13890 | D:10     | Reached skill level 11 in Stealth
 13896 | D:10     | Reached XP level 14. HP: 72/72 MP: 21/21
 13973 | D:10     | Found a staircase to the Lair.
 14009 | Lair:1   | Entered Level 1 of the Lair of Beasts
 14178 | Lair:1   | Reached skill level 5 in Spellcasting
 14469 | Lair:3   | Received a gift from Okawaru
 14498 | Lair:3   | Identified a +0 pair of boots of running (Okawaru gifted it
                  | to you on level 3 of the Lair of Beasts)
 14916 | Lair:4   | Found a staircase to the Snake Pit.
 15083 | Lair:4   | Learned a level 2 spell: Slow
 15087 | Lair:4   | Learned a level 3 spell: Conjure Flame
 15096 | Lair:4   | Noticed Josephine
 15125 | Lair:4   | Killed Josephine
 15165 | Lair:4   | Got a slimy long sword
 15166 | Lair:4   | Identified the +3 long sword "Sinwocau" {freeze, Str+5
                  | Dex+2} (You found it on level 4 of the Lair of Beasts)
 15226 | Lair:4   | Found a dark tunnel.
 15264 | Volcano  | Entered a volcano
 15407 | Volcano  | Found a bloodstained altar of Trog.
 15418 | Volcano  | Slain by a molten gargoyle

Skill      XL: |  1  2  3  4  5  6  7  8  9 10 11 12 13 14 |
---------------+-------------------------------------------+-----
Short Blades   | 1 2 |  2.3
Stealth        | 2 3 4 5 6 7 8 9 10 11 | 11.3
Evocations     | 3 4 5 6 7 8 |  8.0
Fighting       | 1 2 3 4 5 6 7 8 |  8.0
Armour         | 1 2 3 4 5 |  5.3
Axes           | 1 3 4 5 7 8 9 10 | 10.5
Dodging        | 2 3 4 5 6 7 |  7.1
Invocations    | 2 4 5 6 7 |  7.4
Shields        | 2 4 5 6 |  6.2
Slings         | 1 3 4 |  4.5
Spellcasting   | 1 3 4 5 |  5.3
Hexes          | 1 2 |  2.1
Long Blades    | |  0.7
Maces & Flails | |  0.3

Action                   |  1- 3 |  4- 6 |  7- 9 | 10-12 | 13-15 || total
-------------------------+-------+-------+-------+-------+-------++-------
Melee: Short sword       |   130 |    23 |       |       |       ||   153
       Bite              |    35 |    37 |    50 |   167 |   151 ||   440
       Hand axe          |       |   103 |    95 |       |       ||   198
       War axe           |       |       |   103 |   485 |   347 ||   935
       Scimitar          |       |       |       |     9 |       ||     9
       Morningstar       |       |       |       |       |    12 ||    12
 Fire: Hunting sling     |       |       |     5 |     2 |    58 ||    65
Throw: Stone             |       |       |       |     1 |       ||     1
Invok: Heroism           |       |       |     2 |    13 |     8 ||    23
       Finesse           |       |       |       |       |     2 ||     2
  Use: Scroll            |     8 |    10 |     5 |    15 |     8 ||    46
       Potion            |       |       |     1 |     4 |       ||     5
 Stab: Sleeping          |     4 |     8 |     7 |    13 |    11 ||    43
       Distracted        |       |     1 |     1 |       |     5 ||     7
       Invisible         |       |       |       |     1 |       ||     1
       Confused          |       |       |       |       |     1 ||     1
  Eat: Chunk             |     3 |     7 |     7 |    14 |     4 ||    35
       Ration            |       |       |       |     3 |     2 ||     5
Armor: Leather armour    |    36 |    28 |       |       |       ||    64
       Robe              |       |     8 |    86 |    75 |    84 ||   253
       Scale mail        |       |       |       |    86 |       ||    86
Dodge: Dodged            |    71 |    74 |   167 |   297 |   166 ||   775
Block: Other             |       |     3 |    46 |    48 |       ||    97
       Reflection        |       |       |     3 |    11 |    21 ||    35
       Shield            |       |       |       |   201 |   297 ||   498
       Rpst.: Scimitar   |       |       |       |     2 |       ||     2
